 Dungeon Crawl Stone Soup version 0.28-a0-1080-g05a166d0ed (webtiles) character file.

Game seed: 12781788900247629474

108 mainiacjoe the Firebug (level 4, -3/33 HPs)
             Began as a Hill Orc Fire Elementalist on Dec 9, 2021.
             Slain by Grinder (8 damage)
             ... on level 3 of the Dungeon.
             The game lasted 00:08:01 (2866 turns).

mainiacjoe the Firebug (Hill Orc Fire Elementalist) Turns: 2866, Time: 00:08:02

Health: -3/33      AC:  3    Str: 10    XL:     4   Next: 87%
Magic:  0/7        EV: 11    Int: 17    God:
Gold:   120        SH:  0    Dex: 11    Spells: 4/7 levels left

rFire   . . .      SeeInvis .   a - +1 dagger (venom)
rCold   . . .      Faith    .   (no shield)
rNeg    . . .      Spirit   .   e - +0 leather armour
rPois   .          Reflect  .   (no helmet)
rElec   .          Harm     .   (no cloak)
rCorr   .          Rampage  .   (no gloves)
Will    .....                   (no boots)
Stlth   +.........              (no amulet)
HPRegen 0.11/turn               (no ring)
MPRegen 0.10/turn               (no ring)

@: no status effects
A: no striking features
a: no special abilities


You were on level 3 of the Dungeon.
You visited 1 branch of the dungeon, and saw 3 of its levels.

You collected 120 gold pieces.

Inventory:

Hand Weapons
 a - a +1 dagger of venom (weapon)
 b - a +0 mace
Missiles
 c - 23 stones
 f - 19 arrows
 h - 27 sling bullets
 k - 16 poisoned darts (quivered)
Armour
 e - a +0 leather armour (worn)
 m - a +0 robe
Scrolls
 d - a scroll of fog {unknown}
 g - a scroll of enchant armour
 i - 2 scrolls of teleportation
 l - a scroll of blinking {unknown}
 n - a scroll of vulnerability {unknown}
Potions
 j - a potion of degeneration


   Skills:
 - Level 1.5 Dodging
 - Level 1.5 Stealth
 - Level 2.0 Spellcasting
 - Level 2.0 Conjurations
 + Level 5.3 Fire Magic


You had 4 spell levels left.
You knew the following spells:

 Your Spells              Type           Power      Damage    Failure   Level
a - Foxfire               Conj/Fire      56%        2x1d6     6%          1
b - Scorch                Fire           38%        2d6       4%          2

Your spell library contained the following spells:

 Spells                   Type           Power      Damage    Failure   Level
 Conjure Flame            Conj/Fire      14%        6-21      19%         3
 Sting                    Tmut/Pois      4%         1d3       26%         1
 Inner Flame              Hex/Fire       10%        N/A       26%         3
 Poisonous Vapours        Pois/Air       2%         N/A       36%         2
 Flame Wave               Conj/Fire      14%        2d5       52%         4
 Olgreb's Toxic Radiance  Pois           1%         N/A       95%         4


Dungeon Overview and Level Annotations

Branches:
Dungeon (3/15)

Altars:
Xom

Annotations:
D:3 Grinder


Message History

Grinder is moderately wounded.
Grinder's fire resistance burns away.
The foxfire hits Grinder but does no damage.
Grinder is moderately wounded.
The foxfire hits Grinder!
Grinder is burned terribly!
Grinder is heavily wounded.
Casting: Scorch (safe; 4% risk of failure)
Confirm with . or Enter, or press ? or * to list all spells.
You conjure some foxfire!
Grinder hits you.
You writhe in agony.
Casting: Foxfire (safe; 6% risk of failure)
Confirm with . or Enter, or press ? or * to list all spells.
You conjure some foxfire!
The foxfire hits Grinder.
Grinder is burned terribly!
Grinder is heavily wounded.
Grinder hits you.
You writhe in agony.
You hit Grinder.
Grinder is heavily wounded.
Grinder is no longer more vulnerable to fire.
The foxfire hits Grinder.
Grinder is severely wounded.
The foxfire hits Grinder but does no damage.
Grinder is severely wounded.
The foxfire hits Grinder.
Grinder is severely wounded.
Grinder blinks!
Casting: Foxfire (safe; 6% risk of failure)
Confirm with . or Enter, or press ? or * to list all spells.
You conjure some foxfire!
Grinder gestures at you. Pain shoots through your body!
* * * LOW HITPOINT WARNING * * *
Unknown command.
The foxfire hits Grinder.
Grinder is almost dead.
The foxfire hits Grinder.
Grinder is almost dead.
Okay, then.
You hit Grinder but do no damage.
Grinder is almost dead.
Grinder hits you!
You die...

###S.........
##........S
##........
###########......##.
#.........#?.###..#
#...........## .#
#..§.......## ..
#.§.5......## .
#..@§.......#
######..#.#!....
##.........
....####... ..#.##
..# .##### ..


You could see Grinder.

Vanquished Creatures
  4 adders
  A worm (D:2)
  6 endoplasms
  2 giant cockroaches
  5 goblins
  7 hobgoblins
  3 jackals (D:2)
  8 kobolds
  6 quokkas
  6 ball pythons
  4 bats
  7 frilled lizards
  4 rats
63 creatures vanquished.

Vanquished Creatures (others)
  117 foxfires
117 creatures vanquished.

Grand Total: 180 creatures vanquished

Notes
Turn   | Place    | Note
-------+----------+-------------------------------------------
     0 | D:1      | mainiacjoe the Hill Orc Fire Elementalist began the quest
                  | for the Orb.
     0 | D:1      | Reached XP level 1. HP: 14/14 MP: 3/3
   151 | D:1      | Reached XP level 2. HP: 18/20 MP: 1/4
   162 | D:1      | Learned a level 2 spell: Scorch
   248 | D:1      | Reached skill level 4 in Fire Magic
   562 | D:1      | Reached XP level 3. HP: 26/26 MP: 3/5
  1311 | D:2      | Found a shimmering altar of Xom.
  1461 | D:2      | Reached XP level 4. HP: 33/33 MP: 2/7
  1771 | D:2      | Found a faded altar of an unknown god.
  2389 | D:3      | Noticed Grinder
  2391 | D:3      | Reached skill level 5 in Fire Magic
  2866 | D:3      | Slain by Grinder

Illustrated notes

Levels and vault maps discovered:
D:1:      dpeg_arrival_houses_and_road, layout_basic
D:2:      layout_loops_ring, hellmonk_ecumenical_altar_dog_temple, basic_altar,
          minmay_domino_2
D:3:      layout_rooms, uniq_grinder, uniq_robin

Skill      XL: |  1  2  3  4 |
---------------+-------------+-----
Fire Magic     | 4 5 |  5.3
Conjurations   | 2 |  2.0
Spellcasting   | 2 |  2.0
Dodging        | |  1.5
Stealth        | |  1.5

Action                   |  1- 3 |  4- 6 || total
-------------------------+-------+-------++-------
Melee: Mace              |     7 |    20 ||    27
       Dagger            |       |    14 ||    14
Throw: Stone             |     6 |     1 ||     7
       Dart              |       |    12 ||    12
 Cast: Foxfire           |    49 |    20 ||    69
       Scorch            |     3 |     9 ||    12
  Use: Scroll            |     1 |     2 ||     3
 Stab: Sleeping          |       |     2 ||     2
Armor: Leather armour    |     2 |    12 ||    14
Dodge: Dodged            |     7 |    37 ||    44

Table legend: (Time is in decaauts)
 A = Elapsed time spent in this place.
 B = Non-inter-level travel time spent in this place.
 C = Inter-level travel time spent in this place.
 D = Time resting spent in this place.
 E = Time spent auto-exploring this place.
 F = Levels seen in this place.
 G = Mean time per level.
                   A        B        C        D        E       F      G
               +--------+--------+--------+--------+--------+-----+--------+
         Total |   2877 |   2791 |     86 |    606 |   1695 |   3 |  959.0 |
       Dungeon |   2877 |   2791 |     86 |    606 |   1695 |   3 |  959.0 |
               +--------+--------+--------+--------+--------+-----+--------+

Top non-repeatable levels by time:
     D:2: 1643 daAuts
     D:1: 958 daAuts
     D:3: 276 daAuts
